 Dungeon Crawl Stone Soup version 0.13.1-17-g0f9d4ff (webtiles) character file.

2501 Fosius the Spear-Bearer (level 9, -2/61 (65) HPs)
             Began as a Human Fighter on Dec 18, 2013.
             Shot with a steel sling bullet by Joseph (23 damage)
             ... on Level 7 of the Dungeon.
             The game lasted 00:41:39 (6452 turns).

Fosius the Spear-Bearer (Human Fighter)             Turns: 6452, Time: 00:41:39

HP  -2/61 (65)   AC  8     Str 16      XL: 9   Next: 72%
MP   8/8         EV  6     Int  8      God:
Gold 131         SH 18     Dex 17      Spells:  0 memorised,  8 levels left

Res.Fire  : . . .   See Invis. : .   a - +1,+0 trident
Res.Cold  : . . .   Warding    : .   b - +1 scale mail
Life Prot.: . . .   Conserve   : .   c - +0 shield
Res.Poison: .       Res.Corr.  : .   k - +0 helmet
Res.Elec. : .       Clarity    : +   (no cloak)
Sust.Abil.: . .     Spirit.Shd : .   (no gloves)
Res.Mut.  : .       Stasis     : .   (no boots)
Res.Rott. : .       Flight     : .   L - amulet of clarity {unknown}
Saprovore : . . .                    (no ring)
                                     (no ring)

@: slightly resistant to hostile enchantments, extremely unstealthy
A: no striking features
a: no special abilities


You were on level 7 of the Dungeon.
You were not hungry.

You visited 1 branch of the dungeon, and saw 7 of its levels.

You collected 270 gold pieces.
You spent 159 gold pieces at shops.

Inventory:

Hand weapons
 a - a +1,+0 trident (weapon)
 o - a +0,+0 orcish club
 r - a -1,+1 orcish club
 s - a +0,+0 orcish club
 t - a +0,+0 club
 v - a +0,+1 orcish club
 y - a +0,+0 club
Missiles
 g - a dart of dispersal
 n - 7 poisoned darts (quivered)
 p - 3 darts
 x - 19 stones
 J - 5 curare-tipped needles
 M - 2 steel darts
Armour
 b - a +1 scale mail (worn)
 c - a +0 shield (worn)
 k - a +0 helmet (worn)
Magical devices
 i - a wand of paralysis (6)
 z - a wand of frost (14)
 G - a wand of enslavement (14)
 Q - a wand of digging (16)
Comestibles
 d - 4 bread rations
 f - a royal jelly
 u - a meat ration
 B - 8 chokos
 I - 2 bananas
 N - a lychee
 S - 2 chunks of gnoll flesh
Scrolls
 l - 3 scrolls of remove curse
 m - 2 scrolls of recharging
 E - 4 scrolls of teleportation
 O - a scroll of fear {unknown}
 P - 2 scrolls of identify
Jewellery
 e - an uncursed amulet of resist corrosion {unknown}
 L - an amulet of clarity (around neck) {unknown}
Potions
 h - 3 potions of invisibility
 j - a potion of heal wounds
 q - a potion of blood {unknown}
 w - a potion of restore abilities
 A - 3 potions of might
 C - 2 potions of mutation
 D - a potion of magic
 F - a potion of resistance
 H - a potion of agility
 K - a potion of brilliance


   Skills:
 - Level 3.0 Fighting
 + Level 12.2 Polearms
 - Level 3.0 Armour
 - Level 3.0 Shields


You had 8 spell levels left.
You didn't know any spells.

Dungeon Overview and Level Annotations

Branches:
Dungeon (7/27)
 Temple: D:4-7          Orc: D:6-11

Altars:
Elyvilon
Nemelex Xobeh

Shops:
D:4 ?   D:5 /   D:6 (

Annotations:
D:7 Joseph


Message History

This raw flesh tastes terrible.
You continue eating.
You see here an orcish chain mail.
There is an open door here.
There is a stone staircase leading down here.
You climb downwards.
Level annotation: Joseph
There is a stone staircase leading up here.
x - 18 stones (gained 1)
x - 19 stones (gained 1)
You see here a steel sling bullet.
Joseph shouts!
Joseph shoots a steel sling bullet.
The steel sling bullet hits you!
You see here a steel sling bullet.
Joseph shoots a steel sling bullet.
The steel sling bullet hits you!
You see here a steel sling bullet.
Joseph shoots a steel sling bullet.
The steel sling bullet hits you!
You see here a steel sling bullet.
Joseph shoots a steel sling bullet.
The steel sling bullet hits you!
You die...

### ..###### . #......#
####.# #......# #....#.
#......# #.#....# #......#
.......# #......#
#.#.##.#######....(.######.##
...........@...(@(...........
..#.##.##.#######.#######....
.(...#.##.#.....#.....#
.....#.##@...## #...#.#
....(.........# #.#.#
###.#.@######.# #<#.#
#.#.......# # ###.#
#.#.....#.# # #.#.....#


You could see Joseph.

Vanquished Creatures
  Pikel (D:5)
  A necrophage (D:5)
  2 ogres
  An orc warrior (D:6)
  2 sky beasts
  2 slaves (D:4)
  2 centaurs (D:5)
  2 gnoll sergeants (D:7)
  2 giant frogs
  Blork the orc (D:5)
  A goliath beetle (D:6)
  A crimson imp (D:7)
  An orc priest (D:3)
  A black bear skeleton (D:7)
  2 hounds (D:6)
  2 jellies (D:6)
  3 orc wizards
  A giant frog skeleton (D:7)
  2 iguanas (D:5)
  6 worker ants
  3 scorpions
  A hound skeleton (D:7)
  8 gnolls (D:7)
  6 adders
  A giant mite (D:7)
  2 worms (D:4)
  An adder skeleton (D:6)
  4 giant geckos
  3 oozes
  11 orcs
  11 bats
  A gnoll zombie (D:6)
  12 hobgoblins
  8 jackals
  2 quokkas (D:4)
  3 giant cockroaches
  4 giant newts
  7 goblins
  2 goblin skeletons
  12 kobolds
  A kobold skeleton (D:4)
  An orc skeleton (D:5)
  9 rats
149 creatures vanquished.

Notes
Turn   | Place    | Note
--------------------------------------------------------------
     0 | D:1      | Fosius, the Human Fighter, began the quest for the Orb.
     0 | D:1      | Reached XP level 1. HP: 18/18 MP: 0/0
   143 | D:1      | Reached XP level 2. HP: 22/24 MP: 1/1
   670 | D:2      | Reached XP level 3. HP: 25/30 MP: 2/2
  1290 | D:2      | Reached XP level 4. HP: 36/36 MP: 3/3
  1321 | D:2      | Reached skill level 4 in Polearms
  1536 | D:3      | Reached XP level 5. HP: 23/41 MP: 4/4
  1586 | D:3      | Found a white marble altar of Elyvilon.
  1907 | D:3      | Reached skill level 5 in Polearms
  2079 | D:4      | explore d2 and d3 for exp
  2145 | D:5      | Entered Level 5 of the Dungeon
  2145 | D:5      | Noticed Blork the orc
  2147 | D:5      | Noticed a necrophage
  2431 | D:4      | Reached XP level 6. HP: 35/48 MP: 5/5
  2534 | D:4      | Reached skill level 6 in Polearms
  2746 | D:4      | Found Xaillos' Magic Scroll Shoppe.
  2758 | D:4      | Bought a scroll of teleportation for 33 gold pieces
  2758 | D:4      | Bought a scroll of identify for 22 gold pieces
  2758 | D:4      | Bought 2 scrolls of identify for 44 gold pieces
  2758 | D:4      | Bought a scroll of recharging for 60 gold pieces
  2944 | D:5      | Killed Blork the orc
  2944 | D:5      | Reached XP level 7. HP: 39/53 MP: 6/6
  2955 | D:5      | Reached skill level 7 in Polearms
  3095 | D:5      | Killed a necrophage
  3407 | D:5      | Noticed Pikel
  3407 | D:5      | Noticed a slave
  3407 | D:5      | Noticed a slave
  3479 | D:4      | HP: 2/49 [poisoned by a scorpion]
  3721 | D:5      | Noticed a slave
  3760 | D:4      | Killed a slave
  3859 | D:5      | Noticed a slave
  3879 | D:4      | Killed a slave
  4097 | D:5      | Noticed an ogre
  4114 | D:5      | Killed an ogre
  4114 | D:5      | Reached skill level 8 in Polearms
  4131 | D:5      | Found Pharah's Magical Wand Emporium.
  4221 | D:5      | Noticed a sky beast
  4254 | D:5      | Killed a sky beast
  4254 | D:5      | Reached XP level 8. HP: 18/56 MP: 7/7
  4406 | D:5      | Noticed a centaur
  4412 | D:5      | Killed a centaur
  4412 | D:5      | Reached skill level 9 in Polearms
  4568 | D:5      | Killed Pikel
  4568 | D:5      | Reached skill level 10 in Polearms
  4637 | D:5      | Reached XP level 9. HP: 26/61 MP: 8/8
  4893 | D:6      | Found Pinoneney's Weapon Shop.
  5138 | D:6      | Reached skill level 11 in Polearms
  5363 | D:6      | Found a sparkling altar of Nemelex Xobeh.
  5741 | D:7      | Noticed Joseph
  6092 | D:7      | Reached skill level 12 in Polearms
  6452 | D:7      | Shot with a steel sling bullet by Joseph

Action                   |  1- 3 |  4- 6 |  7- 9 || total
-------------------------+-------+-------+-------++-------
Melee: Trident           |    98 |   228 |   465 ||   791
Throw: Club              |     9 |     8 |     4 ||    21
       Dart              |     2 |     2 |     3 ||     7
       Stone             |       |       |    14 ||    14
Evoke: Wand              |     1 |       |    16 ||    17
  Use: Scroll            |       |    15 |     7 ||    22
       Potion            |       |       |     2 ||     2
 Stab: Paralysed         |       |       |    11 ||    11
